 Dungeon Crawl Stone Soup version 0.20-a0-309-gcba9277 (webtiles) character file.

6126 ImbarsBidbib the Transmogrifier (level 10, -9/83 (84) HPs)
             Began as a Naga Transmuter on Dec 18, 2016.
             Mangled by a killer bee (10 damage)
             ... on level 9 of the Dungeon.
             The game lasted 00:28:54 (13369 turns).

ImbarsBidbib the Transmogrifier (Naga Transmuter)  Turns: 13369, Time: 00:28:55

HP:   -9/83 (84)    AC:  5    Str: 12    XL:     10   Next: 89%
MP:   16/16         EV: 17    Int: 18    God:
Gold: 140           SH:  0    Dex: 20    Spells: 4/17 levels left

rFire  . . .     SeeInvis +       - Unarmed
rCold  + . .     Gourm    .     b - +0 robe
rNeg   . . .     Faith    .     (shield currently unavailable)
rPois  +         Spirit   .     (no helmet)
rElec  +         Reflect  .     C - +0 cloak (curse)
rCorr  .         Harm     .     (gloves currently unavailable)
MR     +....                    (no barding)
Stlth  ++........               y - amulet of the Unkillable {+Rage rC+}
                                z - ring of Irassur {+Blink rElec Int+2 Slay+3}
                                o - +2 ring of intelligence

@: confused, agile, lethally poisoned (-9 -> -9), about to teleport, blade
hands, very slightly contaminated, very slow
A: see invisible, deformed body, poison resistance, slowness 2, slow metabolism
1, spit poison 1, AC +3
a: Spit Poison, End Transformation, Evoke Blink, Evoke Berserk Rage


You were on level 9 of the Dungeon.
You were not hungry.
You had blades for hands.
You visited 2 branches of the dungeon, and saw 10 of its levels.

You collected 592 gold pieces.
You spent 452 gold pieces at shops.

Inventory:

Hand Weapons
 v - a +2 spear of venom (melded)
Missiles
 a - 149 arrows
Armour
 b - a +0 robe (worn)
 q - a +1 shield
 C - a cursed +0 cloak (worn)
Jewellery
 o - a +2 ring of intelligence (left scythe-like blade)
 y - the amulet of the Unkillable (around neck) {+Rage rC+}
   (You acquired it on level 8 of the Dungeon)

   [amulet of rage]

   It protects you from cold.
   It lets you go berserk.
 z - the ring of Irassur (right scythe-like blade) {+Blink rElec Int+2 Slay+3}
   (You bought it in a shop on level 6 of the Dungeon)

   [ring of intelligence]

   It affects your intelligence (+2).
   It affects your accuracy and damage with ranged weapons and melee attacks
   (+3).
   It insulates you from electricity.
   It lets you blink.
Wands
 w - a wand of paralysis (7/24)
 B - a wand of iceblast (10/15)
 E - a wand of polymorph (11/24)
 H - a wand of acid (7/15)
Scrolls
 g - 3 scrolls of remove curse
 i - 2 scrolls of amnesia
 k - a scroll of recharging
 l - a scroll of blinking
 t - a scroll of identify
Potions
 e - a potion of cancellation
 j - 5 potions of curing
 m - 4 potions of agility
 p - a potion of magic
 r - 3 potions of brilliance
 A - 2 potions of berserk rage
Books
 c - a book of Changes

   Spells                             Type                      Level
   a - Beastly Appendage              Transmutation                1
   b - Sticks to Snakes               Transmutation                2
   c - Spider Form                    Transmutation/Poison         3
   d - Ice Form                       Ice/Transmutation            4
   e - Blade Hands                    Transmutation                5
Comestibles
 d - 5 bread rations
 f - 4 meat rations
 h - 2 fruits
 u - a slice of pizza
 D - a beef jerky
 F - 2 chunks of flesh


   Skills:
 - Level 3.5 Fighting
 - Level 3.2 Dodging
 * Level 10.0 Unarmed Combat
 - Level 4.0 Spellcasting
 - Level 10.0 Transmutations
 - Level 5.3 Ice Magic
 - Level 2.0 Poison Magic


You had 4 spell levels left.
You knew the following spells:

 Your Spells              Type           Power        Failure   Level  Hunger
a - Beastly Appendage     Tmut           #####.       10%         1    None
b - Spider Form           Tmut/Pois      ####......   28%         3    ###....
c - Ice Form              Ice/Tmut       ####....     41%         4    ####...
d - Blade Hands           Tmut           #####.....   41%         5    ######.


Dungeon Overview and Level Annotations

Branches:
Dungeon (9/15)             Temple (1/1) D:5
   Lair: D:8-11         Orc: D:9-12

Altars:
Ashenzari
Dithmenos
Elyvilon
Fedhas
Gozag
Hepliaklqana
Kikubaaqudgha
Nemelex Xobeh
Okawaru
Qazlal
Ru
Sif Muna
Trog
Uskayaw
Vehumet
Xom
Yredelemnul
Zin
The Shining One

Shops:
D:6 =

Annotations:
D:2 exclusion: downstairs
D:5 1 exclusion
D:6 exclusion: 2 downstairs
D:7 Potronius's ghost, novice MiGl


Innate Abilities, Weirdness & Mutations

You cannot wear boots.
Your serpentine skin is tough. (AC +3)
You have supernaturally acute eyesight. (SInv)
Armour fits poorly on your strangely shaped body.
Your system is resistant to poisons. (rPois)
You cover ground very slowly.
You have a slow metabolism.
You can spit poison.


Message History

You feel strangely unstable.
Okay, then.
You feel agile all of a sudden.
The killer bee rages.
The killer bee misses you. The killer bee closely misses you.
You are confused.
You feel invigorated. The killer bee completely misses you.
The killer bee rages.
The killer bee completely misses you.
The killer bee rages.
The killer bee closely misses you.
You hear an angry buzzing noise.
You bump into the rock wall.
You feel sick.
The killer bee rages.
The killer bee stings you!
* * * LOW HITPOINT WARNING * * *
The killer bee stings you!
* * * LOW HITPOINT WARNING * * *
The killer bee stings you!
You die...

#.........#
#........#
######.####
#####.####
#.# ... #.#
##+ #.##
#..# ##.#
#.# #@# #y#
#y# #.# #.#
#.# #y# #)#
#=#


You could see 3 killer bees.

Vanquished Creatures
  2 two-headed ogres (D:8)
  A hippogriff (D:8)
  Grinder (D:3)
  Edmund (D:5)
  2 orc warriors (D:7)
  2 sky beasts (D:5)
  An ice beast (D:8)
  3 centaurs
  3 necrophages
  5 ogres
  9 bullfrogs
  A gnoll sergeant (D:6)
  10 killer bees
  3 scorpions
  A water moccasin skeleton (D:8)
  6 electric eels (D:5)
  The ghost of CursedShadow the Caller, a weakling DrSu (D:3)
  6 crimson imps
  A quasit (D:5)
  A bullfrog zombie (D:8)
  6 hounds
  2 jellies
  A centaur skeleton (D:4)
  2 orc priests
  An iguana (D:7)
  Jessica (D:3)
  7 orc wizards
  7 worker ants
  A hound zombie (D:8)
  2 hound skeletons
  A worker ant zombie (D:7)
  A howler monkey skeleton (D:5)
  13 adders
  3 gnolls (D:6)
  A shadow imp (D:7)
  An ooze (D:1)
  3 worms
  A dart slug (D:1)
  4 leopard geckos
  33 orcs
  A ball python (D:5)
  7 bats
  2 giant cockroaches
  12 goblins
  6 hobgoblins
  8 jackals
  5 quokkas
  5 frilled lizards
  A jackal skeleton (D:4)
  5 kobolds
  A quokka zombie (D:8)
  10 rats
214 creatures vanquished.

Vanquished Creatures (others)
  An orc warrior (D:8)
1 creature vanquished.

Grand Total: 215 creatures vanquished

Notes
Turn   | Place    | Note
-------+----------+-------------------------------------------
     0 | D:1      | ImbarsBidbib the Naga Transmuter began the quest for the Orb.
     0 | D:1      | Reached XP level 1. HP: 18/18 MP: 3/3
   431 | D:1      | Reached XP level 2. HP: 25/25 MP: 5/5
  1305 | D:2      | Reached XP level 3. HP: 20/31 MP: 4/6
  1723 | D:1      | Learned a level 3 spell: Spider Form
  1822 | D:2      | Found a shattered altar of Ashenzari.
  2015 | D:2      | Reached XP level 4. HP: 37/38 MP: 0/7
  2218 | D:2      | Found a bloodstained altar of Trog.
  2264 | D:2      | Reached skill level 1 in Poison Magic
  2430 | D:2      | Found a hazy altar of Hepliaklqana.
  2870 | D:3      | Noticed Grinder
  3101 | D:3      | Found an opulent altar of Gozag.
  3169 | D:3      | Noticed Jessica
  3191 | D:3      | Killed Jessica
  3254 | D:3      | Noticed CursedShadow's ghost (weakling DrSu)
  3255 | D:3      | Reached XP level 5. HP: 44/44 MP: 8/8
  3273 | D:3      | Killed CursedShadow's ghost
  3371 | D:4      | Found a shadowy altar of Dithmenos.
  3783 | D:4      | Reached XP level 6. HP: 26/51 MP: 4/9
  3942 | D:4      | Reached skill level 5 in Unarmed Combat
  4327 | D:4      | Found a sparkling altar of Nemelex Xobeh.
  5001 | D:5      | Entered Level 5 of the Dungeon
  5210 | D:5      | Noticed a sky beast
  5225 | D:5      | Killed a sky beast
  5225 | D:5      | Reached XP level 7. HP: 23/57 MP: 7/10
  5504 | D:5      | Learned a level 4 spell: Ice Form
  5631 | D:5      | Noticed Edmund
  5641 | D:5      | Killed Edmund
  5757 | D:5      | Found a stormy altar of Qazlal.
  6153 | D:5      | Found an iron altar of Okawaru.
  6311 | D:5      | Found a staircase to the Ecumenical Temple.
  6424 | D:5      | Reached skill level 5 in Transmutations
  6424 | D:5      | Reached XP level 8. HP: 53/64 MP: 7/11
  7024 | D:6      | Found a sacrificial altar of Ru.
  7083 | D:6      | Found a shadowy altar of Dithmenos.
  7086 | D:6      | Found Qucux's Jewellery Boutique.
  7116 | D:6      | Reached skill level 1 in Ice Magic
  7807 | D:7      | Noticed Potronius's ghost (novice MiGl)
  7892 | D:7      | Found a glowing silver altar of Zin.
  8120 | D:6      | Reached skill level 5 in Ice Magic
  8330 | D:7      | Reached XP level 9. HP: 69/69 MP: 8/12
  9925 | D:8      | Found a shimmering altar of Xom.
 10219 | D:8      | Learned a level 5 spell: Blade Hands
 10555 | D:6      | Bought the ring of Irassur {+Blink rElec Int+2 Slay+3} for 452 gold pieces
 10655 | Temple   | Entered the Ecumenical Temple
 11233 | D:5      | Reached XP level 10. HP: 64/77 MP: 12/16
 11489 | D:3      | Killed Grinder
 11489 | D:3      | Reached skill level 10 in Transmutations
 11536 | D:3      | You fall through a shaft for 3 floors!
 12034 | D:8      | Identified 2 scrolls of acquirement
 12094 | D:8      | Got a faintly glowing sapphire amulet
 12095 | D:8      | Identified the amulet of the Unkillable {+Rage rC+} (You acquired it on level 8 of the Dungeon)
 12207 | D:8      | Noticed a two-headed ogre
 12215 | D:8      | Killed a two-headed ogre
 12507 | D:8      | Noticed a two-headed ogre
 12514 | D:8      | Killed a two-headed ogre
 13357 | D:9      | Reached skill level 10 in Unarmed Combat
 13369 | D:9      | HP: 1/83 [killer bee (10)]
 13369 | D:9      | Mangled by a killer bee

Vault maps used:
D:1:      kilobyte_arrival_exit_the_forest
D:2:      overflow_temple_1_default, lemuel_doored_altar,
          lemuel_coloured_pillars_altar, minivault_14, minmay_cupped
D:3:      minmay_item_behind_shaft, nicolae_gozag_seed_capital, uniq_grinder,
          uniq_jessica
D:4:      kennysheep_little_box, nicolae_overflow_hidden_temple, first_bread
D:5:      cheibrodos_two_vegetables, okawaru_altar_gauntlet_db,
          overflow_temple_1_default, uniq_edmund
D:6:      old_standard_altar, serial_shops, nicolae_shop_behind_doors,
          nicolae_sextant, minmay_misc_feat_five,
          grunt_dithmenos_smoke_and_mirrors
D:7:      nicolae_overflow_crystal_walls, marbit_many_paths
D:8:      old_standard_altar, kennysheep_generic_room_7
D:9:      overflow_temple_1_default, david_nohive_1, uniq_joseph
Temple:   jpeg_temple_island

Skill      XL: |  1  2  3  4  5  6  7  8  9 10 |
---------------+-------------------------------+-----
Transmutations | 3 4 5 6 9 10 | 10.0
Poison Magic   | 2 |  2.0
Unarmed Combat | 4 6 7 10 | 10.0
Dodging        | 2 3 |  3.2
Ice Magic      | 5 |  5.3
Spellcasting   | 4 |  4.0
Fighting       | 3 |  3.5

Action                   |  1- 3 |  4- 6 |  7- 9 | 10-12 || total
-------------------------+-------+-------+-------+-------++-------
Melee: Unarmed           |    67 |    72 |   255 |    84 ||   478
       Headbutt          |     1 |     1 |       |       ||     2
       Dagger            |    22 |   103 |    51 |       ||   176
       Punch             |       |     1 |     6 |     3 ||    10
       Spear             |       |       |    46 |    45 ||    91
 Cast: Beastly Appendage |     8 |     2 |       |       ||    10
       Spider Form       |     2 |    13 |    25 |       ||    40
       Ice Form          |       |       |    14 |     3 ||    17
       Blade Hands       |       |       |       |    10 ||    10
 Abil: Spit Poison       |    17 |     5 |    12 |     4 ||    38
  Use: Potion            |     1 |       |     2 |     2 ||     5
       Scroll            |       |    13 |     5 |     8 ||    26
 Stab: Sleeping          |     1 |     1 |     1 |       ||     3
       Distracted        |       |       |     1 |       ||     1
  Eat: Chunk             |     4 |     9 |    19 |     9 ||    41
       Beef jerky        |       |     1 |       |       ||     1
       Royal jelly       |       |       |     1 |       ||     1
       Pizza             |       |       |     1 |       ||     1
Armor: Robe              |    21 |    22 |    16 |    27 ||    86
       Skin              |       |     7 |    35 |     3 ||    45
Dodge: Dodged            |    65 |   120 |   259 |    81 ||   525
